 Dungeon Crawl Stone Soup version 0.16.2-2-g470672f (webtiles) character file.

154 CrazyArbalest the Bolt Thrower (level 5, -1/42 HPs)
             Began as a Centaur Hunter on Aug 22, 2015.
             Slain by a river rat (8 damage)
             ... in a sewer on Aug 23, 2015.
             The game lasted 00:18:34 (3894 turns).

CrazyArbalest the Bolt Thrower (Centaur Hunter)     Turns: 3894, Time: 00:18:34

Health: -1/42      AC:  6    Str: 15    XL:     5   Next: 13%
Magic:  4/4        EV:  9    Int: 10    God:
Gold:   167        SH:  0    Dex: 10    Spells: 0 memorised, 4 levels left

rFire  . . .     SeeInvis .     b - +1 hand crossbow
rCold  . . .     Clarity  .     i - +0 ring mail
rNeg   . . .     SustAb   .     (no shield)
rPois  .         Gourm    .     (no helmet)
rElec  .         Spirit   .     (no cloak)
rCorr  .         Warding  .     t - +0 pair of gloves
rMut   .         Stasis   .     (no barding)
MR     .....                    (no amulet)
Stlth  ..........               (no ring)
                                (no ring)

@: very quick, not resistant to hostile enchantments, extremely unstealthy
A: hooves 3, deformed body, speed 2, tough skin 3
a: no special abilities


You were in a sewer.
You were not hungry.

You visited 1 branch of the dungeon, and saw 3 of its levels.
You also visited: Sewer.

You collected 167 gold pieces.

Inventory:

Hand weapons
 a - a +0 mace
 b - a +1 hand crossbow (weapon)
 g - a +0 whip
Missiles
 c - 38 bolts (quivered)
Armour
 d - a +0 leather armour
 i - a +0 ring mail (worn)
 t - a +0 pair of gloves (worn)
Jewellery
 r - an uncursed ring of protection from magic {unknown}
 u - an uncursed ring of poison resistance {unknown}
Scrolls
 e - 4 scrolls of magic mapping {unknown}
 h - 5 scrolls of teleportation {unknown}
 n - a scroll of random uselessness {unknown}
 p - a scroll of identify {unknown}
 q - a scroll of amnesia {unknown}
Potions
 k - 3 potions of curing {unknown}
 l - a potion of restore abilities {unknown}
 o - a potion of heal wounds {unknown}
Comestibles
 f - 4 bread rations
 j - a beef jerky
 m - 2 meat rations
 s - 5 chunks of flesh


   Skills:
 + Level 2.3 Fighting
 + Level 0.5 Maces & Flails
 * Level 5.5 Crossbows
 + Level 1.4 Armour
 + Level 2.4 Dodging
 + Level 0.5 Stealth


You had 4 spell levels left.
You didn't know any spells.

Dungeon Overview and Level Annotations

Branches:
Dungeon (3/15)

Altars:
Okawaru
Qazlal
Sif Muna

Annotations:
D:2 Sigmund


Innate Abilities, Weirdness & Mutations

You have hooves in place of feet.
Armour fits poorly on your strangely shaped body.
You cover ground very quickly.
You have extremely tough skin (AC +3).


Message History

* * * LOW HITPOINT WARNING * * *
Drink which item? (? for menu, Esc to quit)
Okay, then.
You hit the river rat but do no damage.
The river rat is severely wounded.
The river rat bites you.
* * * LOW HITPOINT WARNING * * *
The river rat closely misses you.
Read which item? (? for menu, Esc to quit)
Okay, then.
Wield which item (- for none, * to show all)? (? for menu, Esc to quit)
b - a +1 hand crossbow (weapon)
The river rat barely misses you. The river rat closely misses you.
Firing (i - inventory):
c - 39 bolts (quivered)
Press: ? - help, Shift-Dir - straight line, f - river rat
Aim: a river rat (severely wounded)
You shoot a bolt. The bolt hits the river rat.
You kill the river rat!
The river rat bites you!
You die...

...##### ...##..# ....'..#
....####
.....#####################
.......≈≈≈≈≈≈≈≈≈.≈≈≈≈≈≈..##
#.....≈≈≈≈≈≈≈≈≈≈≈≈≈≈≈≈≈≈...
#.....≈≈≈≈≈≈≈≈.≈(r†≈≈≈≈.....
##.....≈≈≈≈≈≈≈≈.@(≈†≈≈≈.....
##...≈≈≈≈≈≈≈≈≈≈.÷≈≈≈≈≈.....
###.≈≈≈≈≈≈≈≈≈≈≈≈≈≈≈≈≈....
#####################.. .


You could see a river rat.

Vanquished Creatures
  4 adders
  2 river rats (Sewer)
  2 worms (D:2)
  An ooze (Sewer)
  11 ball pythons
  7 giant cockroaches
  5 goblins
  6 hobgoblins
  6 jackals
  7 kobolds
  6 bats
  A giant gecko (D:1)
  5 giant newts (D:1)
  39 rats
102 creatures vanquished.

Notes
Turn   | Place    | Note
--------------------------------------------------------------
     0 | D:1      | CrazyArbalest, the Centaur Hunter, began the quest for the Orb.
     0 | D:1      | Reached XP level 1. HP: 17/17 MP: 1/1
   383 | D:1      | Reached XP level 2. HP: 24/24 MP: 2/2
   582 | D:1      | Reached skill level 5 in Crossbows
  1190 | D:2      | Noticed Sigmund
  1419 | D:2      | Reached XP level 3. HP: 25/29 MP: 3/3
  1792 | D:2      | Found an iron altar of Okawaru.
  1794 | D:2      | Found a deep blue altar of Sif Muna.
  1797 | D:2      | Found a stormy altar of Qazlal.
  2328 | D:2      | Reached skill level 1 in Armour
  2349 | D:2      | Reached XP level 4. HP: 13/36 MP: 3/3
  3077 | D:1      | You fall through a shaft!
  3451 | D:3      | Found a glowing drain.
  3508 | Sewer    | Entered a sewer
  3745 | Sewer    | Reached XP level 5. HP: 32/42 MP: 4/4
  3894 | Sewer    | Slain by a river rat

Action                   |  1- 3 |  4- 6 || total
-------------------------+-------+-------++-------
Melee: Short sword       |   117 |       ||   117
       Mace              |    66 |   143 ||   209
 Fire: Hand crossbow     |     9 |    10 ||    19
  Eat: Chunk             |     3 |     5 ||     8
